 Dungeon Crawl Stone Soup version 0.28.0-47-ge53b351184 (webtiles) character file.

Game seed: 546586912082965927

282 Iusername the Poker (level 6, 0/48 HPs)
             Began as a Human Fighter on May 2, 2022.
             Was an Initiate of Dithmenos.
             Succumbed to an adder's poison
             ... on level 4 of the Dungeon.
             The game lasted 00:05:11 (3011 turns).

Iusername the Poker (Human Fighter)                 Turns: 3011, Time: 00:05:11

Health: 0/48       AC:  7    Str: 19    XL:     6   Next: 54%
Magic:  6/6        EV:  9    Int:  8    God:    Dithmenos [......]
Gold:   126        SH:  9    Dex: 12    Spells: 5/5 levels left

rFire   . . .      SeeInvis .   a - +0 trident
rCold   . . .      Faith    .   c - +0 buckler
rNeg    . . .      Spirit   .   b - +0 scale mail
rPois   .          Reflect  +   (no helmet)
rElec   .          Harm     .   (no cloak)
rCorr   .          Rampage  .   (no gloves)
Will    .....                   (no boots)
Stlth   ..........              m - amulet of reflection
HPRegen 0.16/turn               (no ring)
MPRegen 0.10/turn               (no ring)

@: mighty, lethally poisoned (0 -> -9), hasted, very quick
A: no striking features
a: Renounce Religion


You were on level 4 of the Dungeon.
You worshipped Dithmenos.
Dithmenos was noncommittal.
You visited 1 branch of the dungeon, and saw 4 of its levels.

You collected 126 gold pieces.

Inventory:

Hand Weapons
 a - a +0 trident (weapon)
Armour
 b - a +0 scale mail (worn)
 c - a +0 buckler (worn)
Jewellery
 k - an amulet of the acrobat
 m - an amulet of reflection (around neck)
 q - the ring of Ycumean {rPois Str+2}
   (You found it on level 3 of the Dungeon)

   [ring of poison resistance]

   Str:       It affects your strength (+2).
   rPois:     It protects you from poison.
Scrolls
 e - 5 scrolls of identify {unknown}
 i - 2 scrolls of blinking {unknown}
 l - a scroll of teleportation {unknown}
 n - a scroll of magic mapping {unknown}
 o - a scroll of silence {unknown}
Potions
 f - a potion of invisibility {unknown}
 g - a potion of curing {unknown}
 h - a potion of magic {unknown}
 p - a potion of mutation {unknown}


   Skills:
 + Level 3.6 Fighting
 + Level 4.5 Polearms
 + Level 4.1 Armour
 + Level 0.6 Dodging
 + Level 0.1 Stealth
 + Level 3.7 Shields


You had 5 spell levels left.
You didn't know any spells.
Your spell library contained the following spells:

 Spells                   Type           Power      Damage    Failure   Level
 Conjure Flame            Conj/Fire      0%         6-21      99%         3
 Ignite Poison            Fire/Tmut/Pois 0%         N/A       99%         3
 Sticky Flame             Conj/Fire      0%         2d3       100%        4


Dungeon Overview and Level Annotations

Branches:
Dungeon (4/15)
 Temple: D:4-7

Altars:
Dithmenos
Qazlal


Message History

You are too injured to fight recklessly!
You are too injured to fight recklessly!
You are too injured to fight recklessly!
You are too injured to fight recklessly!
You are too injured to fight recklessly!
You are too injured to fight recklessly!
You are too injured to fight recklessly!
You are too injured to fight recklessly!
You are too injured to fight recklessly!
You feel very mighty all of a sudden. The adder bites you but does no damage.
The ogre completely misses you.
You puncture the ogre!
The ogre is moderately wounded.
The adder bites you but does no damage. The adder bites you.
* * * LOW HITPOINT WARNING * * *
You block the ogre's attack.
You closely miss the ogre.
The ogre is moderately wounded.
You block the adder's attack. You block the ogre's attack.
You puncture the ogre!
The ogre is almost dead.
The adder bites you but does no damage. The adder bites you.
* * * LOW HITPOINT WARNING * * *
You are poisoned.
The adder poisons you! The ogre closely misses you.
You completely miss the ogre.
The ogre is almost dead.
You feel sick. The adder bites you.
* * * LOW HITPOINT WARNING * * *
You are more poisoned.
The adder poisons you!
You puncture the ogre!
You kill the ogre!
Dithmenos accepts your kill.
* * * LOW HITPOINT WARNING * * *
You feel very sick. You block the adder's attack.
The adder completely misses you.
Your Armour skill increases to level 4!
It was a potion of haste.
You feel yourself speed up.
You die...

## # ##.## .. .... ..
#..# ###########.#..#
########.......... ...#
......)@.#####....###.##
......S.................
......##.#####.######.##
../...#.......>........#
#.... ####......#####..#
##... #........†.†..#
≈##. ####.....###†###.#
## #............# #.#
#....#.##.#..###.#


You could see an adder.

Vanquished Creatures
  An ogre (D:4)
  Jessica (D:3)
  4 gnolls (D:4)
  5 adders
  An adder skeleton (D:4)
  A dart slug (D:4)
  3 orcs (D:3)
  2 bats
  2 endoplasms
  11 giant cockroaches
  8 goblins
  9 hobgoblins
  4 jackals (D:4)
  5 quokkas
  6 ball pythons
  5 frilled lizards
  3 kobolds
  A quokka skeleton (D:3)
  5 rats
77 creatures vanquished.

Notes
Turn   | Place    | Note
-------+----------+-------------------------------------------
     0 | D:1      | Iusername the Human Fighter began the quest for the Orb.
     0 | D:1      | Reached XP level 1. HP: 18/18 MP: 1/1
   160 | D:1      | Reached XP level 2. HP: 24/24 MP: 2/2
   329 | D:1      | Found a faded altar of an unknown god.
   694 | D:1      | Reached XP level 3. HP: 29/29 MP: 3/3
  1091 | D:2      | Identified the +2 leather armour of Zeolob {Rampage rF+
                  | Dex+2 Slay-5}
  1632 | D:3      | Reached XP level 4. HP: 30/35 MP: 4/4
  1951 | D:3      | Noticed Jessica
  1967 | D:3      | Killed Jessica
  2139 | D:3      | Reached XP level 5. HP: 41/41 MP: 5/5
  2366 | D:3      | Found a stormy altar of Qazlal.
  2496 | D:3      | Identified the ring of Ycumean {rPois Str+2}
  2655 | D:4      | Found a shadowy altar of Dithmenos.
  2663 | D:4      | Became a worshipper of Dithmenos the Shadowed
  2823 | D:4      | Reached XP level 6. HP: 46/47 MP: 6/6
  2999 | D:4      | Noticed an ogre
  3010 | D:4      | Killed an ogre
  3010 | D:4      | HP: 2/47 [poisoned by an adder]
  3011 | D:4      | Succumbed to an adder's poison

Illustrated notes

Levels and vault maps discovered:
D:1:      dpeg_arrival_chambers_temple_mockup, layout_basic,
          shapermc_ecumenical_altar_venn, minmay_statues_item, minivault_11,
          dk_noncrumbling_4, st_stairs_7, minmay_tetromino_o2
D:2:      layout_basic, minmay_worlds_worst_comb
D:3:      minmay_chambers_of_twos, layout_loops_ring, grunt_qazlal_clouds,
          uniq_jessica
D:4:      layout_basic, nicolae_dithmenos_shadow_blocks,
          minmay_temple_entry_statues_pillars, kennysheep_opposing_triangles

Skill      XL: |  1  2  3  4  5  6 |
---------------+-------------------+-----
Polearms       | 3 4 |  4.5
Armour         | 4 |  4.1
Fighting       | |  3.6
Dodging        | |  0.6
Stealth        | |  0.1
Shields        | |  3.7

Action                   |  1- 3 |  4- 6 || total
-------------------------+-------+-------++-------
Melee: Trident           |   118 |   129 ||   247
  Use: Potion            |       |     2 ||     2
Armor: Scale mail        |    55 |    45 ||   100
Dodge: Dodged            |    44 |    50 ||    94
Block: Buckler           |    27 |    53 ||    80
       Reflection        |       |     1 ||     1
